| TOP OF THE 1ST |
|
Salt Lake City Bees batting - Pitching for San Jose Missions : LHP Omar Aguilar
|
|
Pitching: LHP Omar Aguilar
|
|
|
Batting: RHB Stephen Vaughan
|
0-0: Called Strike 0-1: Called Strike 0-2: Ball 1-2: Ball 2-2: Strikes out swinging
|
|
Batting: RHB Jamie Nelson
|
0-0: Ball 1-0: Called Strike 1-1: Swinging Strike 1-2: Ball 2-2: Hit by Pitch
|
|
Batting: LHB Eric Attaway
|
0-0: Ball 1-0: Ball 2-0: Fly out, F8 (Flyball, 8LS, EV 94.4 MPH)
|
|
Batting: LHB Thomas Dorsey
|
0-0: Called Strike 0-1: Ball 1-1: Ball 2-1: Reached on error, E1 (Groundball, 15S, EV 69.4 MPH) Jamie Nelson to second
|
|
Batting: RHB William Cole
|
0-0: Foul Ball, location: 2F 0-1: Ball 1-1: Ball 2-1: Ball 3-1: Base on Balls Jamie Nelson to third Thomas Dorsey to second
|
|
Batting: RHB Dick C Schofield
|
0-0: Swinging Strike 0-1: Ball 1-1: Ball 2-1: Called Strike 2-2: Foul Ball, location: 2F 2-2: Fly out, F8 (Line Drive, 8LM, EV 106.9 MPH)
|
| Top of the 1st over - 0 runs, 0 hits, 1 error, 3 left on base; Salt Lake City 0 - San Jose 0 |
| BOTTOM OF THE 1ST |
|
San Jose Missions batting - Pitching for Salt Lake City Bees : RHP Ed Nunez
|
|
Pitching: RHP Ed Nunez
|
|
|
Batting: SHB Curt Bryan
|
0-0: Called Strike 0-1: Ball 1-1: Ball 2-1: Ball 3-1: Base on Balls
|
|
Batting: LHB Jack Perconte
|
0-0: Ball 1-0: Grounds into double play, 6-4-3 (Groundball, 6, EV 103.8 MPH)
|
|
Batting: SHB Bip Roberts
|
0-0: Ball 1-0: Ball 2-0: Ball 3-0: Base on Balls
|
|
Batting: LHB Marvell Wynne
|
0-0: Called Strike 0-1: Fly out, F8 (Flyball, 8LD, EV 88.1 MPH)
|
| Bottom of the 1st over - 0 runs, 0 hits, 0 errors, 1 left on base; Salt Lake City 0 - San Jose 0 |
| TOP OF THE 2ND |
|
Salt Lake City Bees batting - Pitching for San Jose Missions : LHP Omar Aguilar
|
|
Batting: RHB Darnell Coles
|
0-0: Ball 1-0: Ground out 6-3 (Groundball, 6, EV 87.5 MPH)
|
|
Batting: RHB Reid Nichols
|
0-0: Called Strike 0-1: Called Strike 0-2: Fly out, F9 (Flyball, 89M, EV 91.3 MPH)
|
|
Batting: RHB Antonio Baca
|
0-0: Reached on error, E3 (Groundball, 34, EV 100.6 MPH)
|
|
Batting: RHB Stephen Vaughan
|
0-0: Foul Ball, location: 2F 0-1: Foul Ball, location: 2F 0-2: Ball 1-2: Ground out 6-3 (Groundball, 6, EV 97.5 MPH)
|
| Top of the 2nd over - 0 runs, 0 hits, 1 error, 1 left on base; Salt Lake City 0 - San Jose 0 |
| BOTTOM OF THE 2ND |
|
San Jose Missions batting - Pitching for Salt Lake City Bees : RHP Ed Nunez
|
|
Batting: SHB David Piller
|
0-0: Called Strike 0-1: Fly out, F5 (Popup, 5SF, EV 76.9 MPH)
|
|
Batting: RHB Paul Runge
|
0-0: Ball 1-0: Ball 2-0: Ball 3-0: Called Strike 3-1: Base on Balls
|
|
Batting: LHB Rich Gedman
|
0-0: Ball 1-0: Ball 2-0: Foul Ball, location: 2F 2-1: Fly out, F6 (Popup, 6, EV 62.5 MPH)
|
|
Batting: LHB Jesus Valerio
|
0-0: Called Strike 0-1: Ball 1-1: Fly out, F9 (Flyball, 89D, EV 87.5 MPH)
|
| Bottom of the 2nd over - 0 runs, 0 hits, 0 errors, 1 left on base; Salt Lake City 0 - San Jose 0 |
| TOP OF THE 3RD |
|
Salt Lake City Bees batting - Pitching for San Jose Missions : LHP Omar Aguilar
|
|
Batting: RHB Jamie Nelson
|
0-0: Called Strike 0-1: Fly out, F3 (Popup, 23F, EV 84.4 MPH)
|
|
Batting: LHB Eric Attaway
|
0-0: Swinging Strike 0-1: Foul Ball, location: 2F 0-2: Foul Ball, location: 2F 0-2: Ball 1-2: Strikes out looking
|
|
Batting: LHB Thomas Dorsey
|
0-0: Swinging Strike 0-1: Swinging Strike 0-2: SOLO HOME RUN (Flyball, 9D, EV 101.9 MPH), Distance : 351 ft
|
|
Batting: RHB William Cole
|
0-0: Called Strike 0-1: Foul Ball, location: 2F 0-2: Foul Ball, location: 2F 0-2: Strikes out looking
|
| Top of the 3rd over - 1 run, 1 hit, 0 errors, 0 left on base; Salt Lake City 1 - San Jose 0 |
| BOTTOM OF THE 3RD |
|
San Jose Missions batting - Pitching for Salt Lake City Bees : RHP Ed Nunez
|
|
Batting: RHB Pablo Cardiel
|
0-0: Ball 1-0: Ball 2-0: Ball 3-0: Called Strike 3-1: Fly out, F9 (Line Drive, 9, EV 92.5 MPH)
|
|
Batting: SHB Curt Bryan
|
0-0: Foul Ball, location: 2F 0-1: Ball 1-1: Ground out 4-3 (Groundball, 4S, EV 90.0 MPH)
|
|
Batting: LHB Jack Perconte
|
0-0: Ball 1-0: Ball 2-0: Foul Ball, location: 2F 2-1: Ball 3-1: Base on Balls
|
|
Batting: SHB Bip Roberts
|
0-0: Ball 1-0: Foul Ball, location: 2F 1-1: Fly out, F4 (Flyball, 34D, EV 78.8 MPH)
|
| Bottom of the 3rd over - 0 runs, 0 hits, 0 errors, 1 left on base; Salt Lake City 1 - San Jose 0 |
| TOP OF THE 4TH |
|
Salt Lake City Bees batting - Pitching for San Jose Missions : LHP Omar Aguilar
|
|
Batting: RHB Dick C Schofield
|
0-0: Foul Ball, location: 2F 0-1: SOLO HOME RUN (Flyball, 78XD, EV 96.9 MPH), Distance : 391 ft
|
|
Batting: RHB Darnell Coles
|
0-0: Fly out, F6 (Popup, 6MS, EV 70.0 MPH)
|
|
Batting: RHB Reid Nichols
|
0-0: Ball 1-0: Called Strike 1-1: Swinging Strike 1-2: Strikes out swinging
|
|
Batting: RHB Antonio Baca
|
0-0: Ball 1-0: Ball 2-0: Called Strike 2-1: Ball 3-1: Foul Ball, location: 2F 3-2: Strikes out looking
|
| Top of the 4th over - 1 run, 1 hit, 0 errors, 0 left on base; Salt Lake City 2 - San Jose 0 |
| BOTTOM OF THE 4TH |
|
San Jose Missions batting - Pitching for Salt Lake City Bees : RHP Ed Nunez
|
|
Batting: LHB Marvell Wynne
|
0-0: Ball 1-0: Ball 2-0: Foul Ball, location: 2F 2-1: Called Strike 2-2: Ground out 6-3 (Groundball, 6, EV 82.5 MPH)
|
|
Batting: SHB David Piller
|
0-0: Fly out, F9 (Flyball, 9LM, EV 95.0 MPH)
|
|
Batting: RHB Paul Runge
|
0-0: Swinging Strike 0-1: Ball 1-1: Called Strike 1-2: Fly out, F4 (Popup, 34, EV 66.3 MPH)
|
| Bottom of the 4th over - 0 runs, 0 hits, 0 errors, 0 left on base; Salt Lake City 2 - San Jose 0 |
| TOP OF THE 5TH |
|
Salt Lake City Bees batting - Pitching for San Jose Missions : LHP Omar Aguilar
|
|
Batting: RHB Stephen Vaughan
|
0-0: Ground out 1-3 (Groundball, 34S, EV 68.1 MPH)
|
|
Batting: RHB Jamie Nelson
|
0-0: Swinging Strike 0-1: Foul Ball, location: 2F 0-2: Ball 1-2: Strikes out looking
|
|
Batting: LHB Eric Attaway
|
0-0: Ball 1-0: Ball 2-0: Ball 3-0: Base on Balls
|
|
Batting: LHB Thomas Dorsey
|
0-0: Called Strike 0-1: Swinging Strike 0-2: Fly out, F8 (Flyball, 78S, EV 96.3 MPH)
|
| Top of the 5th over - 0 runs, 0 hits, 0 errors, 1 left on base; Salt Lake City 2 - San Jose 0 |
| BOTTOM OF THE 5TH |
|
San Jose Missions batting - Pitching for Salt Lake City Bees : RHP Ed Nunez
|
|
Batting: LHB Rich Gedman
|
0-0: Ground out 4-3 (Groundball, 13, EV 88.8 MPH)
|
|
Batting: LHB Jesus Valerio
|
0-0: Ground out 6-3 (Groundball, 6M, EV 87.5 MPH)
|
|
Batting: RHB Pablo Cardiel
|
0-0: Foul Ball, location: 2F 0-1: Ball 1-1: SINGLE (Flyball, 8RS, EV 91.3 MPH)
|
|
Batting: SHB Curt Bryan
|
0-0: Ball 1-0: Foul Ball, location: 2F 1-1: Foul Ball, location: 2F 1-2: Ball 2-2: Ground out 4-3 (Groundball, 4, EV 86.3 MPH)
|
| Bottom of the 5th over - 0 runs, 1 hit, 0 errors, 1 left on base; Salt Lake City 2 - San Jose 0 |
| TOP OF THE 6TH |
|
Salt Lake City Bees batting - Pitching for San Jose Missions : LHP Omar Aguilar
|
|
Batting: RHB William Cole
|
0-0: Called Strike 0-1: Ball 1-1: Ball 2-1: Ground out 4-3 (Groundball, 4, EV 100.6 MPH)
|
|
Batting: RHB Dick C Schofield
|
0-0: Ball 1-0: Foul Ball, location: 2F 1-1: Ball 2-1: Called Strike 2-2: Foul Ball, location: 2F 2-2: Ball 3-2: Reached on error, E6 (Groundball, 6M, EV 78.8 MPH)
|
|
Batting: RHB Darnell Coles
|
0-0: Intentional Walk
|
|
Batting: RHB Reid Nichols
|
0-0: Called Strike Dick C Schofield steals 3rd base Darnell Coles to second 0-1: SINGLE (Line Drive, 5, EV 95.0 MPH) Dick C Schofield scores Darnell Coles to third Runner from 3rd tries for Home, SAFE, throw by LF to home
|
|
Batting: RHB Antonio Baca
|
0-0: Ball 1-0: Ball 2-0: Called Strike 2-1: Ball 3-1: Called Strike 3-2: Base on Balls Reid Nichols to second
|
|
Batting: RHB Stephen Vaughan
|
0-0: Called Strike 0-1: Ball 1-1: Grounds into double play, 4-6-3 (Groundball, 4, EV 100.0 MPH)
|
| Top of the 6th over - 2 runs, 1 hit, 1 error, 1 left on base; Salt Lake City 4 - San Jose 0 |
| BOTTOM OF THE 6TH |
|
San Jose Missions batting - Pitching for Salt Lake City Bees : RHP Ed Nunez
|
|
Batting: LHB Jack Perconte
|
0-0: Ball 1-0: Called Strike 1-1: Foul Ball, location: 2F 1-2: Foul Ball, location: 2F 1-2: Strikes out swinging
|
|
Batting: SHB Bip Roberts
|
0-0: Ball 1-0: Foul Ball, location: 2F 1-1: Foul Ball, location: 2F 1-2: Ball 2-2: Ground out 4-3 (Groundball, 4, EV 101.3 MPH)
|
|
Batting: LHB Marvell Wynne
|
0-0: Ball 1-0: Swinging Strike 1-1: DOUBLE (Flyball, 8LXD, EV 106.9 MPH)
|
|
Batting: SHB David Piller
|
0-0: Ball 1-0: Swinging Strike 1-1: Ball 2-1: Called Strike 2-2: Foul Ball, location: 2F 2-2: Ground out 4-3 (Groundball, 34, EV 111.3 MPH)
|
| Bottom of the 6th over - 0 runs, 1 hit, 0 errors, 1 left on base; Salt Lake City 4 - San Jose 0 |
| TOP OF THE 7TH |
|
Salt Lake City Bees batting - Pitching for San Jose Missions : LHP Omar Aguilar
|
|
Batting: RHB Jamie Nelson
|
0-0: SOLO HOME RUN (Flyball, 9D, EV 93.8 MPH), Distance : 364 ft
|
|
Pitching: RHP David Grier
|
|
|
Batting: LHB Eric Attaway
|
0-0: Called Strike 0-1: Ball 1-1: Foul Ball, location: 2F 1-2: Ball 2-2: Foul Ball, location: 2F 2-2: Ball 3-2: SINGLE (Line Drive, 89S, EV 106.3 MPH)
|
|
Batting: LHB Thomas Dorsey
|
0-0: Called Strike 0-1: Called Strike 0-2: Ball 1-2: Strikes out swinging
|
|
Batting: RHB William Cole
|
0-0: Called Strike 0-1: Ball 1-1: Swinging Strike 1-2: Strikes out swinging
|
|
Batting: RHB Dick C Schofield
|
0-0: Ball 1-0: Swinging Strike 1-1: Foul Ball, location: 2F 1-2: Ground out 4-3 (Groundball, 4, EV 92.5 MPH)
|
| Top of the 7th over - 1 run, 2 hits, 0 errors, 1 left on base; Salt Lake City 5 - San Jose 0 |
| BOTTOM OF THE 7TH |
|
San Jose Missions batting - Pitching for Salt Lake City Bees : RHP Ed Nunez
|
|
Batting: RHB Paul Runge
|
0-0: Fly out, F9 (Flyball, 89D, EV 93.1 MPH)
|
|
Batting: LHB Rich Gedman
|
0-0: Ground out 4-3 (Groundball, 4M, EV 101.9 MPH)
|
|
Batting: LHB Jesus Valerio
|
0-0: Called Strike 0-1: Swinging Strike 0-2: Foul Ball, location: 2F 0-2: Ball 1-2: Foul Ball, location: 2F 1-2: Ball 2-2: Ball 3-2: Fly out, F4 (Popup, 4MS, EV 76.9 MPH)
|
| Bottom of the 7th over - 0 runs, 0 hits, 0 errors, 0 left on base; Salt Lake City 5 - San Jose 0 |
| TOP OF THE 8TH |
|
Salt Lake City Bees batting - Pitching for San Jose Missions : RHP David Grier
|
|
Batting: RHB Darnell Coles
|
0-0: Ball 1-0: Called Strike 1-1: Ball 2-1: Foul Ball, location: 2F 2-2: Ground out 1-3 (Groundball, 13S, EV 75.0 MPH)
|
|
Batting: RHB Reid Nichols
|
0-0: Called Strike 0-1: Ball 1-1: Swinging Strike 1-2: Ball 2-2: Foul Ball, location: 2F 2-2: Ball 3-2: Base on Balls
|
|
Batting: RHB Antonio Baca
|
0-0: Called Strike 0-1: Reached on error, E3 (Groundball, 34, EV 85.0 MPH) Reid Nichols to second
|
|
Batting: RHB Stephen Vaughan
|
0-0: Ball 1-0: Called Strike 1-1: Foul Ball, location: 2F 1-2: Ball 2-2: Foul Ball, location: 2F 2-2: Ball 3-2: Foul Ball, location: 2F 3-2: Base on Balls Reid Nichols to third Antonio Baca to second
|
|
Batting: RHB Jamie Nelson
|
0-0: Foul Ball, location: 2F 0-1: Swinging Strike 0-2: Ball 1-2: Fly out, F8 (Line Drive, 8RD, EV 93.1 MPH) Runner from 3rd tags up, SCORES, throw by CF
|
|
Batting: LHB Eric Attaway
|
0-0: Ball 1-0: Ground out 4-3 (Groundball, 4, EV 83.1 MPH)
|
| Top of the 8th over - 1 run, 0 hits, 1 error, 2 left on base; Salt Lake City 6 - San Jose 0 |
| BOTTOM OF THE 8TH |
|
San Jose Missions batting - Pitching for Salt Lake City Bees : RHP Ed Nunez
|
|
Batting: RHB Pablo Cardiel
|
0-0: Called Strike 0-1: Ball 1-1: Foul Ball, location: 2F 1-2: Reached on error, E8 (Flyball, 89D, EV 90.6 MPH)
|
|
Batting: SHB Curt Bryan
|
0-0: Ball 1-0: Ball 2-0: Foul Ball, location: 2F 2-1: Swinging Strike 2-2: Strikes out swinging
|
|
Batting: LHB Jack Perconte
|
0-0: Ball 1-0: Swinging Strike 1-1: Ball 2-1: Ball 3-1: Base on Balls
|
|
Batting: SHB Bip Roberts
|
0-0: Ball 1-0: Fielders Choice at 2nd, 4-6 (Groundball, 34, EV 78.1 MPH) Pablo Cardiel to third
|
|
Batting: LHB Marvell Wynne
|
0-0: Ball 1-0: Ball 2-0: Fielders Choice at 2nd, 5-4 (Groundball, 5L, EV 86.9 MPH)
|
| Bottom of the 8th over - 0 runs, 0 hits, 1 error, 2 left on base; Salt Lake City 6 - San Jose 0 |
| TOP OF THE 9TH |
|
Salt Lake City Bees batting - Pitching for San Jose Missions : RHP David Grier
|
|
Batting: LHB Thomas Dorsey
|
0-0: Foul Ball, location: 2F 0-1: Ball 1-1: Hit by Pitch
|
|
Batting: RHB William Cole
|
0-0: Ball 1-0: Foul Ball, location: 2F 1-1: Fly out, F8 (Flyball, 78D, EV 83.8 MPH)
|
|
Batting: RHB Dick C Schofield
|
0-0: Ball 1-0: Fielders Choice at 2nd, 6-4 (Groundball, 6M, EV 83.1 MPH)
|
|
Batting: RHB Darnell Coles
|
0-0: Ball Wild Pitch! Dick C Schofield to second 1-0: Called Strike 1-1: Called Strike 1-2: Ball 2-2: Fly out, F9 (Flyball, 9, EV 89.4 MPH)
|
| Top of the 9th over - 0 runs, 0 hits, 0 errors, 1 left on base; Salt Lake City 6 - San Jose 0 |
| BOTTOM OF THE 9TH |
|
San Jose Missions batting - Pitching for Salt Lake City Bees : RHP Ed Nunez
|
|
Batting: SHB David Piller
|
0-0: Ball 1-0: SOLO HOME RUN (Flyball, 7D, EV 91.3 MPH), Distance : 376 ft
|
|
Batting: RHB Paul Runge
|
0-0: Called Strike 0-1: Ball 1-1: Ball 2-1: Ball 3-1: Foul Ball, location: 2F 3-2: Strikes out swinging
|
|
Batting: LHB Rich Gedman
|
0-0: Fly out, F8 (Flyball, 78XD, EV 103.1 MPH)
|
|
Batting: LHB Jesus Valerio
|
0-0: Ball 1-0: Fly out, F9 (Flyball, 9, EV 81.3 MPH)
|
| Bottom of the 9th over - 1 run, 1 hit, 0 errors, 0 left on base; Salt Lake City 6 - San Jose 1 |
|